AoeStats
← DS_Kvothe

Arabia

510198205Analyzed
1v1 RM · 2d ago on Sep 29, 2026· 49m 11s· 2 players
Game mode
Random Map
Map size
Tiny (2 player)
Population
200
Speed
Normal
Resources
Standard
Victory
Conquest
Starting age
Dark Age
Ending age
Imperial Age
RankedLock teamsTeams togetherTeam positionsShared explorationLock speedFull tech treeHidden civsTurbo modeCheats
Victory
Defeat
🇦🇷 Mongols · Argentina
1921
+13
🇧🇷 Turks · Brazil
1852
-13
GAX | BiduZera
6:47 Loom
9:20 Feudal Age
9:24 Man-at-Arms
10:41 Double-Bit Axe
20:26 Castle Age
19:10 Fletching
21:04 Bodkin Arrow
20:30 Crossbowman
24:30 Bow Saw
24:37 Padded Archer Armor
29:11 Gold Mining
30:19 Bloodlines
37:08 Imperial Age
36:50 Ballistics
37:02 Scale Barding Armor
36:59 Husbandry
37:07 Horse Collar
38:06 Chain Barding Armor
38:32 Stone Mining
40:28 Wheelbarrow
40:18 Bracer
42:29 Plate Barding Armor
41:53 Heavy Camel Rider
43:56 Forging
43:54 Town Watch
44:24 Hand Cart
45:40 Masonry
46:02 Conscription
49:34 Iron Casting
49:14 Leather Archer Armor
50:26 Two-Man Saw
49:27 Heavy Plow
DS_Kvothe
6:33 Loom
8:43 Feudal Age
9:19 Double-Bit Axe
10:52 Horse Collar
13:26 Town Watch
19:25 Fletching
19:36 Padded Archer Armor
20:27 Padded Archer Armor
23:29 Castle Age
22:50 Scale Barding Armor
22:55 Forging
23:42 Elite Skirmisher
24:18 Bodkin Arrow
25:57 Bow Saw
31:24 Husbandry
33:19 Chain Barding Armor
34:09 Bloodlines
35:54 Leather Archer Armor
36:40 Ballistics
40:42 Imperial Age
40:45 Wheelbarrow
40:12 Heavy Plow
40:03 Gold Mining
41:08 Masonry
41:34 Bracer
42:07 Hand Cart
42:55 Chemistry
42:24 Conscription
42:48 Thumb Ring
45:03 Elite Mangudai
46:35 Hoardings
45:40 Light Cavalry
46:59 Iron Casting
47:14 Parthian Tactics
Connection lost

Rejoining the realm…

Still unreachable

The connection could not be restored.

Session expired

The server has moved on; the page needs a fresh start.